 Dungeon Crawl Stone Soup version 0.25-a0-388-g41a7e554cb (webtiles) character file.

Game seed: 4443309158345487845, levelgen mode: deterministic

105 Borgoz the Cudgeler (level 4, -4/28 HPs)
             Began as a Gargoyle Gladiator on Jan 7, 2020.
             Slain by Grinder (5 damage)
             ... on level 3 of the Dungeon.
             The game lasted 00:01:41 (1317 turns).

Borgoz the Cudgeler (Gargoyle Gladiator)            Turns: 1317, Time: 00:01:42

Health: -4/28      AC:  7    Str: 19    XL:     4   Next: 81%
Magic:  4/4        EV: 12    Int:  8    God:
Gold:   97         SH:  0    Dex: 11    Spells: 3/3 levels left

rFire    . . .     SeeInvis .   a - +0 flail
rCold    . . .     Gourm    .   (no shield)
rNeg     + . .     Faith    .   b - +0 leather armour
rPois    ∞         Spirit   .   c - +0 helmet
rElec    +         Reflect  .   (no cloak)
rCorr    .         Harm     .   (no gloves)
MR       .....                  (no boots)
Stlth    +.........             (no amulet)
HPRegen  0.09/turn              (no ring)
MPRegen  0.09/turn              (no ring)

@: flying
A: negative energy resistance 1, electricity resistance, unbreathing,
petrification resistance, rot immunity, AC +3
a: no special abilities


You were on level 3 of the Dungeon.
You were not hungry.

You visited 1 branch of the dungeon, and saw 3 of its levels.

You collected 97 gold pieces.

Inventory:

Hand Weapons
 a - a +0 flail (weapon)
 n - a +0 great mace
Missiles
 d - 3 throwing nets (quivered)
Armour
 b - a +0 leather armour (worn)
 c - a +0 helmet (worn)
Scrolls
 e - 2 scrolls of identify {unknown}
 k - a scroll of teleportation {unknown}
Potions
 g - a potion of haste {unknown}
 h - a potion of cancellation {unknown}
 i - a potion of heal wounds {unknown}
 j - a potion of flight
 m - a potion of curing {unknown}
Comestibles
 f - 4 rations
 l - 8 chunks of flesh


   Skills:
 + Level 3.0 Fighting
 * Level 4.1 Maces & Flails
 - Level 1.7 Throwing
 + Level 1.8 Armour
 + Level 2.9 Dodging


You had 3 spell levels left.
You didn't know any spells.
Your spell library was empty.

Dungeon Overview and Level Annotations

Branches:
Dungeon (3/15)

Altars:
Sif Muna
Yredelemnul

Annotations:
D:2 Sigmund
D:3 Grinder


Innate Abilities, Weirdness & Mutations

You are resistant to torment.
Your stone body is resilient. (AC +3)
You are immune to poison.
You resist negative energy. (rN+)
You are resistant to electric shocks. (rElec)
You can survive without breathing.
You are immune to petrification.
You are immune to rotting.


Message History

You are too injured to fight recklessly!
Unknown command.
You sock the dart slug!
You kill the dart slug!
Grinder barely misses you.
You hit Grinder.
Grinder is severely wounded.
Grinder gestures at you. You resist with significant effort. Grinder hits you.
* * * LOW HITPOINT WARNING * * *
You writhe in agony.
* * * LOW HITPOINT WARNING * * *
You barely miss Grinder.
Grinder is severely wounded.
Grinder hits you but does no damage.
Unknown command.
It was a potion of flight.
You feel very buoyant.
You fly up into the air.
Grinder hits you.
You die...

#.# ....... #.#
....... #.#
....... #.#
.....# #.##.....#
#.##†....# #
#........#
...##.#........#
.......@5....###
......###....# .
......
#....###... ..###
###.......... +
#.[..........
#....########
#............
#.#....#########
##.......)......#


You could see Grinder.

Vanquished Creatures
  4 adders (D:3)
  An ooze (D:1)
  A worm (D:2)
  2 dart slugs (D:3)
  4 leopard geckos
  8 orcs (D:3)
  5 bats
  4 giant cockroaches
  5 goblins
  3 hobgoblins
  A kobold (D:3)
  2 quokkas
  2 frilled lizards (D:1)
  2 rats
44 creatures vanquished.

Notes
Turn   | Place    | Note
-------+----------+-------------------------------------------
     0 | D:1      | Borgoz the Gargoyle Gladiator began the quest for the Orb.
     0 | D:1      | Reached XP level 1. HP: 12/12 MP: 1/1
   168 | D:1      | Reached XP level 2. HP: 18/18 MP: 2/2
   617 | D:2      | Reached skill level 1 in Armour
   706 | D:2      | Reached XP level 3. HP: 9/22 MP: 3/3
   722 | D:2      | Found a shimmering blue altar of Sif Muna.
  1025 | D:2      | Noticed Sigmund
  1025 | D:2      | Noticed an ogre
  1071 | D:3      | Reached XP level 4. HP: 25/27 MP: 4/4
  1120 | D:3      | Reached skill level 4 in Maces & Flails
  1215 | D:3      | Found a basalt altar of Yredelemnul.
  1296 | D:3      | Noticed Grinder
  1302 | D:3      | Paralysed by Grinder for 4 turns
  1315 | D:3      | HP: 1/28 [Grinder (3)]
  1317 | D:3      | Slain by Grinder

Levels and vault maps discovered:
D:1:      ebering_trefoil_3fold, layout_loops_ring
D:2:      layout_basic, grunt_temple_overflow_opulence, lemuel_round_altar,
          chequers_ecumenical_altar_grove, first_ration, uniq_jessica,
          uniq_sigmund
D:3:      layout_basic, overflow_temple_1_default, old_standard_altar,
          nicolae_qazlal_style_of_elements, old_standard_altar, uniq_grinder

Skill      XL: |  1  2  3  4 |
---------------+-------------+-----
Armour         | 1 |  1.8
Maces & Flails | 4 |  4.1
Fighting       | 3 |  3.0
Throwing       | |  1.7
Dodging        | |  2.9

Action                   |  1- 3 |  4- 6 || total
-------------------------+-------+-------++-------
Melee: Flail             |   102 |    69 ||   171
Throw: Throwing net      |     1 |       ||     1
  Use: Potion            |       |     1 ||     1
 Stab: Held in net/web   |     1 |       ||     1
  Eat: Chunk             |     1 |     1 ||     2
Armor: Leather armour    |    27 |    26 ||    53
Dodge: Dodged            |    69 |    54 ||   123

Table legend:
 A = Non-vault XP
 B = Vault XP
 C = Vault XP percentage of total XP
 D = Non-vault monster count
 E = Vault monster count
 F = Vault count percentage of total count
                 A         B        C        D         E       F
            +---------+---------+-------+---------+---------+-------
      Total |     150 |       0 |   0.0 |      44 |       0 |   0.0
            +---------+---------+-------+---------+---------+-------
        D:1 |      28 |       0 |   0.0 |      13 |       0 |   0.0
        D:2 |      25 |       0 |   0.0 |      11 |       0 |   0.0
        D:3 |      97 |       0 |   0.0 |      20 |       0 |   0.0
            +---------+---------+-------+---------+---------+-------
